 Dungeon Crawl Stone Soup version 0.27.1-33-g824d729ab1 (webtiles) character file.

Game seed: 4745697700596769342

8904 jlumianski the Protected (level 11, -7/67 HPs)
             Began as a Gargoyle Monk on Dec 18, 2021.
             Was a High Priest of Okawaru.
             Mangled by a freezing wraith (12 damage)
             ... on level 10 of the Dungeon.
             The game lasted 00:47:38 (8551 turns).

jlumianski the Protected (Gargoyle Monk)            Turns: 8551, Time: 00:47:39

Health: -7/67      AC: 20    Str: 16    XL:     11   Next: 38%
Magic:  15/15      EV: 10    Int: 12    God:    Okawaru [*****.]
Gold:   121        SH:  4    Dex: 13    Spells: 7/10 levels left

rFire    + . .     SeeInvis .   S - +2 hand axe (vamp)
rCold    . . .     Faith    .   O - +1 buckler {rF+}
rNeg     + . .     Spirit   .   Q - +1 scale mail {rPois}
rPois    ∞         Reflect  .   I - +2 hat
rElec    +         Harm     .   (no cloak)
rCorr    .         Rampage  .   T - +0 pair of gloves
Will     .....                  (no boots)
Stlth    +.........             g - amulet of regeneration
HPRegen  1.21/turn              l - +4 ring of slaying
MPRegen  0.14/turn              (no ring)

@: about to teleport, slowed, very slow
A: sickness immunity, AC +8, negative energy resistance 1, electricity
resistance, torment resistance 1, petrification resistance
a: Renounce Religion, Heroism, Finesse


You were on level 10 of the Dungeon.
You worshipped Okawaru.
Okawaru was extremely pleased with you.
You visited 1 branch of the dungeon, and saw 10 of its levels.

You collected 306 gold pieces.
You spent 185 gold pieces at shops.

Inventory:

Hand Weapons
 a - a +0 short sword
 c - a +0 hunting sling
 i - a +2 whip of electrocution
 j - a +0 war axe
 y - a +2 mace of protection
 F - a +0 quick blade
 S - a +2 vampiric hand axe (weapon)
Missiles
 e - 221 stones
 h - 11 boomerangs
 n - 60 poisoned darts (quivered)
 t - 3 throwing nets
 x - 45 bolts
 A - 7 atropa-tipped darts
 N - 5 javelins
Armour
 b - a +0 robe
 p - a +0 scale mail
 s - a +0 helmet
 v - a +0 chain mail
 C - a +0 pair of gloves
 I - a +2 hat (worn)
 O - a +1 buckler of fire resistance (worn)
 P - +0 acid dragon scales
 Q - a +1 scale mail of poison resistance (worn)
 T - a +0 pair of gloves (worn)
Jewellery
 f - a ring of fire
 g - an amulet of regeneration (around neck)
 l - a +4 ring of slaying (left hand)
 H - an amulet of magic regeneration
 L - a ring of fire
 R - a ring of fire
Wands
 w - a wand of iceblast (13)
 B - a wand of polymorph (1)
 E - a wand of flame (13)
 K - a wand of paralysis (6)
 M - a wand of digging (6)
Scrolls
 k - 4 scrolls of noise
 m - 3 scrolls of immolation
 o - 2 scrolls of amnesia
 G - a scroll of teleportation
 U - 2 scrolls of enchant weapon
Potions
 d - 3 potions of mutation
 q - a potion of flight
 r - a potion of resistance
 u - 2 potions of lignification
 z - a potion of attraction
 D - a potion of degeneration
 J - a potion of curing


   Skills:
 + Level 7.6 Fighting
 - Level 8.0 Short Blades
 * Level 1.6(4.2) Axes
 - Level 6.7(6.8) Maces & Flails
 + Level 3.0 Throwing
 + Level 8.2 Armour
 + Level 4.5 Dodging
 + Level 3.4 Stealth
 + Level 0.4 Shields
 - Level 1.2 Unarmed Combat
 * Level 3.8 Air Magic
 * Level 5.3 Invocations


You had 7 spell levels left.
You knew the following spells:

 Your Spells              Type           Power      Damage    Failure   Level
a - Mephitic Cloud        Conj/Pois/Air  3%         N/A       96%         3

Your spell library contained the following spells:

 Spells                   Type           Power      Damage    Failure   Level
 Corpse Rot               Necr/Air       N/A        N/A       73%         2
 Poisonous Vapours        Pois/Air       8%         N/A       73%         2
 Magic Dart               Conj           0%         1d3       85%         1
 Blink                    Tloc           N/A        N/A       94%         2
 Call Imp                 Summ           0%         N/A       94%         2
 Ozocubu's Armour         Ice            0%         N/A       99%         3
 Stone Arrow              Conj/Erth      0%         3d7       99%         3
 Animate Armour           Summ/Erth      0%         N/A       100%        4
 Fireball                 Conj/Fire      0%         3d3       100%        5
 Freezing Cloud           Conj/Ice/Air   1%         6-21      100%        5
 Iskenderun's Battlesphe  Conj           0%         2d6       100%        5
 Manifold Assault         Tloc           0%         N/A       100%        5
 Metabolic Englaciation   Hex/Ice        0%         N/A       100%        5
 Conjure Ball Lightning   Conj/Air       2%         3x3d6     100%        6
 Simulacrum               Ice/Necr       0%         N/A       100%        6
 Orb of Destruction       Conj           0%         N/A       100%        7
 Storm Form               Tmut/Air       2%         N/A       100%        7
 Lehudib's Crystal Spear  Conj/Erth      0%         10d2      100%        8


Dungeon Overview and Level Annotations

Branches:
Dungeon (10/15)            Temple (0/1) D:6            Lair (0/6) D:8
    Orc: D:9-12

Altars:
Ashenzari
Cheibriados
Elyvilon
Kikubaaqudgha
Makhleb
Nemelex Xobeh
Okawaru
Ru
Sif Muna
Yredelemnul
Zin
The Shining One

Shops:
D:1 [   D:3 [   D:5 *   D:8 [


Innate Abilities, Weirdness & Mutations

You are immune to sickness and miasma.
Your stone body is resilient. (AC +8)
You are immune to poison.
You resist negative energy. (rN+)
You are resistant to electric shocks. (rElec)
You are resistant to unholy torment.
You are immune to petrification.


Message History

The centaur warrior kicks you but does no damage.
The centaur warrior hits you but does no damage.
The centaur warrior kicks you but does no damage.
As you read the scroll of teleportation, it crumbles to dust.
You feel strangely unstable. You block the centaur warrior's attack.
The centaur warrior kicks you but does no damage.
The centaur warrior hits you but does no damage.
The centaur warrior kicks you but does no damage.
The centaur warrior hits you but does no damage.
The centaur warrior kicks you but does no damage.
The centaur warrior hits you but does no damage.
The centaur warrior kicks you but does no damage.
You closely miss the centaur warrior.
The centaur warrior is moderately wounded.
You closely miss the freezing wraith. You slash the centaur warrior!
The centaur warrior hits you but does no damage.
The centaur warrior kicks you.
* * * LOW HITPOINT WARNING * * *
The centaur warrior misses you. The centaur warrior barely misses you.
The centaur warrior hits you but does no damage.
The centaur warrior closely misses you.
The freezing wraith hits you but does no damage.
The freezing wraith hits you.
* * * LOW HITPOINT WARNING * * *
The freezing wraith drains your vigour!
You feel yourself slow down.
You feel better.
The centaur warrior hits you but does no damage.
The centaur warrior kicks you.
* * * LOW HITPOINT WARNING * * *
The centaur warrior hits you but does no damage.
The centaur warrior kicks you but does no damage.
You block the centaur warrior's attack.
The centaur warrior kicks you but does no damage.
You block the centaur warrior's attack. The centaur warrior misses you.
The centaur warrior barely misses you. The centaur warrior kicks you.
* * * LOW HITPOINT WARNING * * *
The freezing wraith hits you.
* * * LOW HITPOINT WARNING * * *
The freezing wraith freezes you!
You die...

'###### ......#
......# #####+####
......+ #........#
......# #......?.+
......##. +.....)..#
........# #..).....#
.....'#######).....#
>....#...#...#..@W.#
.....#...#...#..cc.#
#'####.......#.....#
#.# ###._.###.......
#)####.......#########
#....#...#...#..###
###..#...#...#....#
####.'#######'....#
........#.........#


You could see 2 centaur warriors and a freezing wraith.

Vanquished Creatures
  Gastronok (D:7)
  Harold (D:8)
  A hornet (D:8)
  A vampire (D:10)
  A wyvern (D:8)
  A shadow (D:9)
  Eustachio (D:5)
  A wraith (D:9)
  2 steam dragons
  7 yaks
  An acid dragon (D:9)
  A water moccasin (D:8)
  3 black bears
  4 orc warriors
  2 necrophages
  A hornet zombie (D:9)
  2 centaurs
  3 ogres
  2 phantoms (D:4)
  A kobold brigand (D:8)
  7 bullfrogs
  Blork the orc (D:5)
  2 scorpions
  A wyvern skeleton (D:7)
  14 killer bees
  6 electric eels (D:7)
  A howler monkey (D:3)
  A jelly (D:5)
  A bullfrog zombie (D:4)
  An orc priest (D:9)
  2 centaur zombies
  3 hounds
  A bullfrog skeleton (D:5)
  Ijyb (D:4)
  4 iguanas
  Natasha (thrice) (D:4)
  6 orc wizards
  A killer bee zombie (D:5)
  A hound zombie (D:5)
  4 gnolls (D:5)
  7 adders
  A howler monkey skeleton (D:5)
  A white imp (D:6)
  2 worms (D:2)
  2 dart slugs (D:3)
  17 orcs
  6 bats
  3 endoplasms
  2 giant cockroaches
  6 goblins
  10 hobgoblins
  8 jackals
  7 quokkas
  7 ball pythons
  4 frilled lizards
  12 kobolds
  3 rats
  2 toadstools (D:1)
198 creatures vanquished.

Vanquished Creatures (others)
  A bush (D:10)
  33 fungi (D:8)
  56 plants
  2 toadstools (D:1)
92 creatures vanquished.

Grand Total: 290 creatures vanquished

Notes
Turn   | Place    | Note
-------+----------+-------------------------------------------
     0 | D:1      | jlumianski the Gargoyle Monk began the quest for the Orb.
     0 | D:1      | Reached XP level 1. HP: 14/14 MP: 1/1
   260 | D:2      | Reached XP level 2. HP: 14/19 MP: 2/2
   377 | D:1      | Found Gauskaz's Antique Armour Emporium.
   780 | D:1      | Reached XP level 3. HP: 24/24 MP: 3/3
  1343 | D:2      | Found a faded altar of an unknown god.
  1687 | D:3      | Reached skill level 1 in Maces & Flails
  1687 | D:3      | Reached XP level 4. HP: 29/29 MP: 4/4
  1712 | D:3      | Found Puhux's Antique Armour Shoppe.
  1936 | D:3      | Reached skill level 1 in Armour
  2387 | D:3      | Reached XP level 5. HP: 29/33 MP: 5/5
  2558 | D:4      | Noticed a phantom
  2567 | D:4      | Killed a phantom
  2568 | D:4      | Reached XP level 6. HP: 38/38 MP: 6/6
  2670 | D:4      | Noticed Natasha
  2673 | D:4      | Killed Natasha
  2676 | D:4      | Noticed Natasha
  2683 | D:4      | Killed Natasha
  2758 | D:4      | Reached XP level 7. HP: 43/43 MP: 7/7
  2837 | D:4      | Noticed Natasha
  2856 | D:4      | Killed Natasha
  2983 | D:5      | Entered Level 5 of the Dungeon
  3062 | D:5      | Found Renusoplux's Assorted Antiques.
  3078 | D:5      | Bought a scroll of identify for 52 gold pieces
  3079 | D:5      | Noticed Eustachio
  3123 | D:5      | Killed Eustachio
  3124 | D:5      | Reached skill level 5 in Maces & Flails
  3133 | D:5      | Found an iron altar of Okawaru.
  3149 | D:5      | Became a worshipper of Warmaster Okawaru
  3149 | D:5      | Reached * piety under Okawaru
  3149 | D:5      | Reached ** piety under Okawaru
  3358 | D:5      | Noticed Ijyb
  3403 | D:4      | Reached skill level 5 in Fighting
  3403 | D:4      | Reached XP level 8. HP: 49/49 MP: 8/8
  3543 | D:4      | Killed Ijyb
  3570 | D:5      | Reached skill level 1 in Throwing
  3796 | D:5      | Reached skill level 5 in Armour
  3864 | D:5      | Found a shimmering blue altar of Sif Muna.
  3870 | D:5      | Noticed Blork the orc
  3880 | D:5      | Killed Blork the orc
  4054 | D:6      | Found a staircase to the Ecumenical Temple.
  4089 | D:6      | Reached *** piety under Okawaru
  4090 | D:6      | Reached skill level 1 in Unarmed Combat
  4283 | D:6      | Reached XP level 9. HP: 54/54 MP: 9/9
  4299 | D:6      | Reached skill level 1 in Invocations
  4634 | D:7      | Found a sparkling altar of Nemelex Xobeh.
  4861 | D:7      | Learned a level 3 spell: Mephitic Cloud
  4904 | D:7      | Found a burning altar of Makhleb.
  5344 | D:8      | Noticed Gastronok
  5401 | D:7      | Killed Gastronok
  5401 | D:7      | Reached **** piety under Okawaru
  5401 | D:7      | Reached ***** piety under Okawaru
  5402 | D:7      | Reached XP level 10. HP: 49/60 MP: 10/12
  5641 | D:6      | Received a gift from Okawaru
  6036 | D:8      | Found a staircase to the Lair.
  6234 | D:8      | Found Ytuiji Bown's Antique Armour Boutique.
  6332 | D:8      | Noticed Harold
  6356 | D:8      | Killed Harold
  6503 | D:7      | Received a gift from Okawaru
  6824 | D:8      | Reached XP level 11. HP: 46/67 MP: 14/14
  7178 | D:8      | Received a gift from Okawaru
  7328 | D:9      | Reached skill level 5 in Invocations
  7600 | D:8      | Bought a runed scale mail for 133 gold pieces
  7883 | D:9      | Found a glowing golden altar of the Shining One.
  7883 | D:9      | Found a glowing silver altar of Zin.
  7883 | D:9      | Found a white marble altar of Elyvilon.
  8069 | D:10     | Entered Level 10 of the Dungeon
  8101 | D:10     | Found a snail-covered altar of Cheibriados.
  8181 | D:10     | Reached skill level 1 in Axes
  8219 | D:10     | Found a broken altar of Ashenzari.
  8219 | D:10     | Found a basalt altar of Yredelemnul.
  8219 | D:10     | Found an ancient bone altar of Kikubaaqudgha.
  8219 | D:10     | Noticed a boulder beetle
  8472 | D:10     | Found a sacrificial altar of Ru.
  8539 | D:10     | Noticed a centaur warrior
  8542 | D:10     | Noticed a centaur warrior
  8551 | D:10     | Mangled by a freezing wraith

Illustrated notes

Levels and vault maps discovered:
D:1:      ldierk_water_garden, layout_basic, serial_shops, shop,
          minmay_pentomino_o4
D:2:      layout_rooms, chequers_ecumenical_altar_lobes
D:3:      layout_basic, serial_shops, nicolae_shop_crystal, minmay_circle_x
D:4:      layout_rooms, chequers_mini_garden, uniq_natasha
D:5:      layout_basic, okawaru_ov_weapons_minmay, mainiacjoe_overflow_catwalk,
          serial_shops, nicolae_shop_overgrown_old_shop, serial_park_tiny_2,
          uniq_blork_the_orc, uniq_ijyb, uniq_eustachio
D:6:      layout_basic, minmay_temple_entry_junction, dk_rats_in_the_wall
D:7:      layout_gridville, lemuel_tele_altar, nicolae_overflow_crystal_walls,
          corexii_leaking_fountain, amcnicky_mini_rare_corridor_liquid,
          serial_bayou_lagoon_b
D:8:      layout_layer_cave, due_lair_maze_entry_diamond, serial_shops,
          nicolae_shop_trees, minivault_25, uniq_harold, uniq_gastronok
D:9:      layout_small_grid, good_gods_mini_temple, kennysheep_small_square
D:10:     layout_roguey, mainiacjoe_overflow_alcove_4,
          nicolae_ru_great_annihilating_truth,
          gammafunk_temple_overflow_forgotten, lemuel_round_altar, minivault_28,
          uniq_maggie, uniq_sonja

Skill      XL: |  1  2  3  4  5  6  7  8  9 10 11 |
---------------+----------------------------------+-----
Short Blades   | 3 6 7 8 |  8.0
Maces & Flails | 1 2 3 4 5 6 |  6.7
Armour         | 1 2 3 4 5 6 7 8 |  8.2
Fighting       | 4 5 6 7 |  7.6
Dodging        | 3 4 |  4.5
Stealth        | 3 |  3.4
Throwing       | 2 3 |  3.0
Unarmed Combat | 1 |  1.2
Invocations    | 3 4 5 |  5.3
Air Magic      | 2 3 |  3.8
Axes           | 1 |  1.6
Shields        | |  0.4

Action                   |  1- 3 |  4- 6 |  7- 9 | 10-12 || total
-------------------------+-------+-------+-------+-------++-------
Melee: Short sword       |    29 |       |       |       ||    29
       Whip              |   104 |    92 |   145 |     8 ||   349
       Unarmed           |       |       |    32 |       ||    32
       Quick blade       |       |       |   145 |   542 ||   687
       Punch             |       |       |     1 |     3 ||     4
       Hand axe          |       |       |       |    89 ||    89
Throw: Boomerang         |     1 |       |       |       ||     1
       Dart              |       |       |    13 |    17 ||    30
Invok: Heroism           |       |       |       |     1 ||     1
Evoke: Wand              |       |       |     7 |     3 ||    10
  Use: Scroll            |     5 |       |     7 |     6 ||    18
       Potion            |       |       |     3 |     4 ||     7
 Stab: Sleeping          |     2 |       |       |       ||     2
Armor: Robe              |    33 |       |       |       ||    33
       Scale mail        |     4 |    30 |    83 |   328 ||   445
       Skin              |       |       |     1 |       ||     1
Dodge: Dodged            |   107 |    41 |   108 |   243 ||   499
Block: Buckler           |       |       |       |    42 ||    42
